 Dungeon Crawl Stone Soup version 0.29.1-15-g9cfb28693d (webtiles) character file.

Game seed: 2757357128684028631

595 dudediamond6 the Covert (level 7, -5/69 HPs)
             Began as an Octopode Brigand on Apr 3, 2023.
             Slain by an orc warrior
             ... wielding a +0 long sword
              (18 damage)
             ... on level 4 of the Dungeon.
             The game lasted 00:04:20 (3218 turns).

dudediamond6 the Covert (Octopode Brigand)          Turns: 3218, Time: 00:04:21

Health: -5/69      AC:  1    Str: 10    XL:     7   Next: 40%
Magic:  7/7        EV: 13    Int: 13    God:
Gold:   128        SH:  0    Dex: 16    Spells: 6/6 levels left

rFire   . . .      SeeInvis .   g - +3 dagger
rCold   . . .      Faith    .   (no shield)
rNeg    . . .      Spirit   .   (helmet restricted)
rPois   .          Reflect  .   (no amulet)
rElec   .          Harm     .   x - ring of wizardry
rCorr   .          Rampage  .   (no ring)
Will    .....                   (no ring)
Stlth   ..........              (no ring)
HPRegen 0.21/turn               (no ring)
MPRegen 0.10/turn               (no ring)
                                (no ring)
                                (no ring)

@: berserking, very quick
A: almost no armour, amphibious, 8 rings, camouflage 1, gelatinous body 1,
(nimble swimmer 1), tentacles
a: no special abilities


You were on level 4 of the Dungeon.
You visited 1 branch of the dungeon, and saw 4 of its levels.

You collected 128 gold pieces.

Inventory:

Hand Weapons
 a - a +2 dagger
 g - a +3 dagger (weapon)
 o - a +1 long sword of distortion
Missiles
 b - 7 poisoned darts (quivered)
 c - 3 curare-tipped darts
Jewellery
 k - a ring of ice
 x - a ring of wizardry (left tentacle)
Scrolls
 d - a scroll of enchant armour {unknown}
 e - a scroll of fear {unknown}
 h - a scroll of teleportation {unknown}
 l - a scroll of immolation {unknown}
 n - 2 scrolls of noise
 p - 2 scrolls of poison
 u - a scroll of acquirement {unknown}
Potions
 i - 3 potions of curing
 j - a potion of cancellation {unknown}
 m - 2 potions of lignification {unknown}
 q - 2 potions of resistance {unknown}
 r - a potion of degeneration {unknown}
 s - a potion of mutation {unknown}
 v - a potion of invisibility {unknown}
 w - a potion of flight {unknown}


   Skills:
 * Level 3.6 Fighting
 * Level 4.7 Short Blades
 - Level 2.0 Throwing
 - Level 1.0 Dodging
 + Level 9.6 Stealth


You had 6 spell levels left.
You didn't know any spells.
Your spell library contained the following spells:

 Spells                   Type           Power      Damage    Failure   Level
 Ensorcelled Hibernation  Hex/Ice        0%         N/A       19%         2
 Gell's Gravitas          Tloc           0%         N/A       34%         3
 Lesser Beckoning         Tloc           0%         N/A       34%         3
 Spider Form              Tmut/Pois      0%         N/A       34%         3
 Teleport Other           Tloc           0%         N/A       34%         3
 Anguish                  Hex/Necr       0%         N/A       73%         4


Dungeon Overview and Level Annotations

Branches:
Dungeon (4/15)
 Temple: D:4-7

Altars:
Kikubaaqudgha
Yredelemnul

Annotations:
D:3 2 transporters, Menkaure
D:4 Robin


Innate Abilities, Weirdness & Mutations

You cannot wear most types of armour.
You are amphibious.
You can wear up to eight rings at the same time.
Your skin changes colour to match your surroundings (Stealth+).
Your rubbery body absorbs attacks. (AC +1, EV +1)
((You are camouflaged when in or above water. (Stealth+)))
You have tentacles for arms and can constrict up to eight enemies at once.


Message History

A jelly comes into view.
A goblin comes into view. It is wielding a +0 club.
Robin of the Strong Arm comes into view.
They are wielding a +0 dagger of electrocution.
A goblin comes into view. It is wielding a +0 club.
The goblin moves out of view.
The orc shouts!
You hit the orc warrior but do no damage.
Your grab misses the orc warrior.
You hit the orc warrior but do no damage.
You grab the orc warrior.
You constrict the orc warrior, but do no damage.
The orc warrior hits you with a +0 long sword!!
The jelly quivers.
You hit the orc warrior but do no damage.
You constrict the orc warrior, but do no damage.
The orc warrior hits you with a +0 long sword.
You hit the orc warrior but do no damage.
You squeeze the orc warrior!
The orc warrior is moderately wounded.
You constrict the orc warrior, but do no damage.
The orc warrior closely misses you.
You hit the orc warrior but do no damage.
The orc warrior is moderately wounded.
You constrict the orc warrior, but do no damage.
A red film seems to cover your vision as you go berserk!
You feel yourself moving faster!
You feel mighty!
You constrict the orc warrior, but do no damage.
The orc barely misses you.
The orc warrior hits you with a +0 long sword!!
* * * LOW HITPOINT WARNING * * *
You are too injured to fight recklessly!
You are too injured to fight recklessly!
You are too injured to fight recklessly!
Unknown command.
You are too injured to fight recklessly!
You hit the orc warrior.
The orc warrior is moderately wounded.
You constrict the orc warrior. The orc closely misses you.
The orc warrior hits you with a +0 long sword!!
You die...

. #.#.......#.[
#.... ..
......#..#.# #####
.g ....#..$#.###
.##g###....#....#
.............###
#####
#...g..#.....##
#....
###.....#.#)#
#####
#o..#..#.###(#####
#@o.J#..##..##...)
#.........# #####
#.#...#(### #...#
######.## ###.#
#.# #># #.# #.#
#.# #.# ##.## #.#
#####.).########.#


You could see an orc warrior, a jelly, Robin and an orc.

Vanquished Creatures
  Grinder (D:3)
  Sigmund (D:3)
  A scorpion (D:4)
  2 orc priests (D:3)
  2 orc wizards
  3 adders
  2 worms
  2 dart slugs
  3 orcs (D:3)
  2 ball pythons
  4 bats
  6 endoplasms
  2 giant cockroaches
  7 goblins
  3 hobgoblins
  3 jackals
  2 quokkas (D:1)
  4 frilled lizards
  2 kobolds
  7 rats
59 creatures vanquished.

Notes
Turn   | Place    | Note
-------+----------+-------------------------------------------
     0 | D:1      | dudediamond6 the Octopode Brigand began the quest for the
                  | Orb.
     0 | D:1      | Reached XP level 1. HP: 14/14 MP: 1/1
    89 | D:1      | Found a faded altar of an unknown god.
   225 | D:1      | Reached XP level 2. HP: 13/19 MP: 2/2
   508 | D:1      | Reached skill level 6 in Stealth
   731 | D:1      | Reached XP level 3. HP: 24/24 MP: 3/3
  1656 | D:3      | Noticed Grinder
  1660 | D:3      | Paralysed by Grinder for 2 turns
  1663 | D:3      | Killed Grinder
  1664 | D:3      | Reached skill level 8 in Stealth
  1664 | D:3      | Reached XP level 4. HP: 26/31 MP: 4/4
  1664 | D:3      | Reached XP level 5. HP: 30/36 MP: 5/5
  1664 | D:3      | Reached XP level 6. HP: 35/42 MP: 6/6
  1885 | D:3      | Noticed Sigmund
  1904 | D:3      | HP: 1/42 [Sigmund/magic dart (4)]
  2273 | D:3      | Killed Sigmund
  2545 | D:3      | Found an ancient bone altar of Kikubaaqudgha.
  2591 | D:3      | Found a transporter.
  2610 | D:3      | Found a transporter.
  2610 | D:3      | Found a basalt altar of Yredelemnul.
  2614 | D:3      | Noticed Menkaure
  2663 | D:3      | Reached skill level 9 in Stealth
  2663 | D:3      | Reached XP level 7. HP: 46/46 MP: 7/7
  3205 | D:4      | Noticed Robin
  3218 | D:4      | Slain by an orc warrior

Illustrated notes

Levels and vault maps discovered:
D:1:      lightli_arrival_maybe_door_vault, layout_basic,
          shapermc_ecumenical_altar_ellora, chequers_serial_rivers_large_a
D:2:      layout_loops_ring
D:3:      layout_basic, gammafunk_temple_of_torment, minmay_distorted,
          uniq_sigmund, uniq_grinder
D:4:      layout_loops_ring, minmay_increasing_density, uniq_robin

Skill      XL: |  1  2  3  4  5  6 |
---------------+-------------------+-----
Stealth        | 6 8 9 |  9.6
Fighting       | 3 |  3.6
Short Blades   | 3 4 |  4.7
Throwing       | |  2.0
Dodging        | |  1.0

Action                   |  1- 3 |  4- 6 |  7- 9 || total
-------------------------+-------+-------+-------++-------
Melee: Dagger            |    43 |    27 |    29 ||    99
       Constrict         |     6 |     5 |     5 ||    16
       Tentacles         |     1 |     5 |     8 ||    14
       Punch             |       |       |     1 ||     1
Throw: Dart              |     1 |     7 |       ||     8
  Use: Scroll            |     3 |       |     1 ||     4
       Potion            |       |       |     1 ||     1
 Stab: Sleeping          |    23 |     6 |     4 ||    33
       Distracted        |       |     1 |       ||     1
Armor: Skin              |     1 |     2 |       ||     3
Dodge: Dodged            |    10 |    20 |     7 ||    37
